 Dungeon Crawl Stone Soup version 0.27.1-34-g3ba077fa99 (webtiles) character file.

Game seed: 14187315887540269698

378 sankara the Ruffian (level 6, -2/48 HPs)
             Began as a Minotaur Transmuter on Jan 18, 2022.
             Succumbed to a gnoll's poison
             ... on level 7 of the Dungeon.
             The game lasted 00:07:44 (4507 turns).

sankara the Ruffian (Minotaur Transmuter)           Turns: 4507, Time: 00:07:45

Health: -2/48      AC:  2    Str: 15    XL:     6   Next: 45%
Magic:  1/7        EV: 20    Int: 12    God:
Gold:   162        SH:  0    Dex: 15    Spells: 2/8 levels left

rFire    . . .     SeeInvis .     - Unarmed
rCold    . . .     Faith    .   (shield currently unavailable)
rNeg     . . .     Spirit   .   (armour currently unavailable)
rPois    x         Reflect  .   (helmet currently unavailable)
rElec    .         Harm     .   (cloak currently unavailable)
rCorr    .         Rampage  .   (gloves currently unavailable)
Will     .....                  (boots currently unavailable)
Stlth    +.........             (no amulet)
HPRegen  0.16/turn              (no ring)
MPRegen  0.10/turn              (no ring)

@: lethally poisoned (-2 -> -35), spider-form
A: venomous fangs, tiny, (horns 2), (retaliatory headbutt)
a: End Transformation


You were on level 7 of the Dungeon.
You were a venomous arachnid creature.
You visited 1 branch of the dungeon, and saw 5 of its levels.

You collected 162 gold pieces.

Inventory:

Hand Weapons
 j - a +1 hunting sling
Missiles
 c - 136 stones
 e - 12 poisoned darts (quivered)
Armour
 a - a +0 robe (melded)
 l - a +0 cloak (melded)
Scrolls
 f - a scroll of enchant weapon
Potions
 b - a potion of mutation
 d - 2 potions of curing {unknown}
 g - a potion of attraction {unknown}
 h - 3 potions of heal wounds
 i - a potion of resistance {unknown}
 k - a potion of flight {unknown}
 o - a potion of degeneration {unknown}


   Skills:
 - Level 2.0 Fighting
 - Level 3.0 Dodging
 + Level 5.0 Unarmed Combat
 - Level 1.5 Spellcasting
 * Level 3.4 Transmutations
 * Level 2.3 Poison Magic


You had 2 spell levels left.
You knew the following spells:

 Your Spells              Type           Power      Damage    Failure   Level
a - Beastly Appendage     Tmut           18%        N/A       19%         1
b - Wereblood             Tmut           9%         N/A       26%         2
c - Spider Form           Tmut/Pois      3%         N/A       47%         3

Your spell library contained the following spells:

 Spells                   Type           Power      Damage    Failure   Level
 Ice Form                 Ice/Tmut       5%         N/A       92%         4


Dungeon Overview and Level Annotations

Branches:
Dungeon (4/15)
 Temple: D:4-7

Altars:
Xom


Innate Abilities, Weirdness & Mutations

You are a venomous arachnid creature.
You have poisonous fangs.
You are tiny and dextrous.
Your spellcasting is less reliable in this form.
Your armour is entirely melded.
You are incapable of wielding weapons or throwing items.
((You have a pair of horns on your head.))
((You reflexively headbutt those who attack you in melee.))


Message History

You kill the gnoll!
The gnoll completely misses you. The gnoll misses you.
Items here: ))) ††.
You barely miss the gnoll. The gnoll completely misses you.
You hit the gnoll.
The gnoll is moderately wounded.
The gnoll closely misses you.
You bite the gnoll!
The gnoll is poisoned.
The gnoll is almost dead.
You kill the gnoll!
No target in view!
No target in view!
Your transformation has ended.
Your +0 cloak unmelds from your body.
Your +0 robe unmelds from your body.
You see here a +0 halberd.
e - 8 poisoned darts (gained 1)
e - 10 poisoned darts (gained 2)
e - 11 poisoned darts (gained 1)
e - 12 poisoned darts (gained 1)
You see here a poisoned dart.
The gnoll hits you from afar with a +1 spear of venom!
You are poisoned.
You feel very sick.
You feel very sick.
You feel very sick.
You feel sick.
You feel sick.
Casting: Spider Form (dangerous; 26% risk of failure)
Confirm with . or Enter, or press ? or * to list all spells.
You turn into a venomous arachnid creature.
Your +0 cloak melds into your body.
Your +0 robe melds into your body.
You feel sick.
The gnoll hits you from afar with a +1 spear of venom.
You feel sick.
The gnoll hits you with a +1 spear of venom!
* * * LOW HITPOINT WARNING * * *
You are lethally poisoned!
You hit the gnoll but do no damage.
The gnoll is poisoned.
You die...

##### #...#
#########...#
#....)))....#
.....#######...#
##. #...# #. #s###
#g #g# #. ###.#
<#####.#####
#.(.###
.(.....#...#
#>....#
...##(g...###()...#
#........#.......#
####.............#
#.#....###....#


You could see a gnoll (very poisoned).

Vanquished Creatures
  A wyvern zombie (D:7)
  A scorpion (D:3)
  A gnoll shaman (D:7)
  Crazy Yiuf (D:2)
  Robin (D:3)
  4 gnolls (D:7)
  4 adders
  3 worms
  2 dart slugs (D:2)
  2 orcs (D:3)
  4 ball pythons
  5 endoplasms
  2 giant cockroaches
  13 goblins
  15 hobgoblins
  2 jackals (D:1)
  7 kobolds
  3 quokkas (D:2)
  6 bats
  7 frilled lizards
  22 rats
106 creatures vanquished.

Vanquished Creatures (others)
  17 plants (D:3)
17 creatures vanquished.

Grand Total: 123 creatures vanquished

Notes
Turn   | Place    | Note
-------+----------+-------------------------------------------
     0 | D:1      | sankara the Minotaur Transmuter began the quest for the
                  | Orb.
     0 | D:1      | Reached XP level 1. HP: 16/16 MP: 1/1
    76 | D:1      | Reached XP level 2. HP: 23/23 MP: 0/3
    79 | D:1      | Learned a level 2 spell: Wereblood
   420 | D:1      | Found a faded altar of an unknown god.
   652 | D:1      | Reached XP level 3. HP: 29/29 MP: 2/4
  1160 | D:2      | Found a shimmering altar of Xom.
  1194 | D:2      | Reached skill level 4 in Unarmed Combat
  1736 | D:2      | Reached XP level 4. HP: 36/36 MP: 3/5
  1792 | D:2      | Learned a level 3 spell: Spider Form
  1980 | D:2      | Found a runed translucent door.
  1981 | D:2      | Noticed Crazy Yiuf
  2588 | D:2      | Killed Crazy Yiuf
  2589 | D:2      | Reached skill level 1 in Poison Magic
  2747 | D:3      | Reached XP level 5. HP: 18/41 MP: 1/6
  3258 | D:3      | Noticed Robin
  3281 | D:3      | Killed Robin
  4290 | D:4      | You fall into a shaft and drop 3 floors!
  4313 | D:7      | Reached XP level 6. HP: 31/48 MP: 4/7
  4477 | D:7      | Reached skill level 5 in Unarmed Combat
  4507 | D:7      | Succumbed to a gnoll's poison

Illustrated notes

Levels and vault maps discovered:
D:1:      dpeg_arrival_erosion, layout_loops_ring, serial_glass,
          glass_columns_b, glass_columns_c, glass_columns_a, glass_columns_a,
          basic_ecumenical_altar, due_unseen_surprise
D:2:      layout_loops_corners, basic_altar, st_stairs_14, minmay_rat_hole,
          uniq_crazy_yiuf_cottage
D:3:      layout_basic, kennysheep_boxes, uniq_robin
D:4:      layout_basic, evilmike_ruin_ashenzari, kennysheep_mini, serial_shops,
          shop, kennysheep_generic_room_7, uniq_blork_the_orc, uniq_natasha,
          uniq_menkaure
D:7:      layout_rooms, hangedman_minor_gate_pass

Skill      XL: |  1  2  3  4  5  6 |
---------------+-------------------+-----
Transmutations | 2 3 |  3.4
Fighting       | 2 |  2.0
Unarmed Combat | 4 5 |  5.0
Dodging        | 3 |  3.0
Poison Magic   | 1 2 |  2.3
Spellcasting   | |  1.5

Action                   |  1- 3 |  4- 6 || total
-------------------------+-------+-------++-------
Melee: Unarmed           |   117 |   105 ||   222
       Kick              |    15 |     7 ||    22
       Headbutt          |    17 |     8 ||    25
       Punch             |     1 |       ||     1
Throw: Dart              |       |     7 ||     7
 Cast: Beastly Appendage |    29 |    11 ||    40
       Spider Form       |       |    12 ||    12
  Use: Scroll            |       |     5 ||     5
Armor: Robe              |    23 |     7 ||    30
       Skin              |       |     3 ||     3
Dodge: Dodged            |    72 |    66 ||   138
